 Dungeon Crawl Stone Soup version 0.24.0-28-g17ded55e90 (webtiles) character file.

Game seed: 14016734081954854848, levelgen mode: deterministic

834 Curus the Spear-Bearer (level 7, 0/50 HPs)
             Began as a Merfolk Gladiator on Nov 13, 2019.
             Was an Initiate of Okawaru.
             Slain by Menkaure (15 damage)
             ... on level 6 of the Dungeon.
             The game lasted 00:29:04 (4982 turns).

Curus the Spear-Bearer (Merfolk Gladiator)          Turns: 4982, Time: 00:29:05

Health: 0/50       AC: 13    Str: 14    XL:     7   Next: 98%
Magic:  7/7        EV: 14    Int:  7    God:    Okawaru [......]
Gold:   408        SH:  0    Dex: 18    Spells: 6/6 levels left

rFire    . . .     SeeInvis .   q - +0 trident (freeze)
rCold    . . .     Gourm    .   (no shield)
rNeg     . . .     Faith    .   b - +1 leather armour
rPois    .         Spirit   .   c - +1 helmet
rElec    .         Reflect  .   i - +1 cloak
rCorr    +         Harm     .   A - +1 pair of gloves
MR       .....                  o - +2 pair of boots
Stlth    +.........             (no amulet)
HPRegen  0.16/turn              e - ring of resist corrosion
MPRegen  0.10/turn              (no ring)

@: no status effects
A: change form in water, swift swim, stealthy swim
a: Renounce Religion


You were on level 6 of the Dungeon.
You worshipped Okawaru.
Okawaru was noncommittal.
You were not hungry.

You visited 2 branches of the dungeon, and saw 7 of its levels.
You also visited: Sewer.

You collected 408 gold pieces.

Inventory:

Hand Weapons
 a - a +0 trident
 q - a +0 trident of freezing (weapon)
Missiles
 d - 3 throwing nets (quivered)
Armour
 b - a +1 leather armour (worn)
 c - a +1 helmet (worn)
 h - a +1 hat
 i - a +1 cloak (worn)
 m - a +0 pair of gloves
 o - a +2 pair of boots (worn)
 A - a +1 pair of gloves (worn)
Jewellery
 e - a ring of resist corrosion (left hand)
 j - an uncursed amulet of inaccuracy
 x - an uncursed ring of attention
Wands
 v - a wand of enslavement (6)
 y - a wand of paralysis (8)
Scrolls
 k - 2 scrolls of amnesia
 l - a scroll of immolation
 n - 6 scrolls of identify
 r - 2 scrolls of teleportation
 s - 2 scrolls of remove curse
 t - a scroll of blinking
 z - a scroll of fog
Potions
 g - 4 potions of flight
 p - 3 potions of magic
 u - 3 potions of curing
 w - a potion of agility
Comestibles
 f - 10 rations
 B - a chunk of flesh


   Skills:
 - Level 2.1 Fighting
 + Level 12.7 Polearms
 - Level 2.0 Throwing
 - Level 4.0 Dodging


You had 6 spell levels left.
You didn't know any spells.
Your spell library was empty.

Dungeon Overview and Level Annotations

Branches:
Dungeon (6/15)             Temple (1/1) D:4           Sewer (visited)

Altars:
Gozag
Kikubaaqudgha
Makhleb
Nemelex Xobeh
Okawaru
Qazlal
Ru
Sif Muna
Vehumet
Xom
Zin
The Shining One

Annotations:
D:3 2 transporters, admiralandromeda's ghost, amateur OpTm
D:6 Menkaure


Message History

The adder completely misses you.
You barely miss the adder.
The adder is heavily wounded.
You puncture the adder! You freeze the adder.
You kill the adder!
Okawaru accepts your kill.
Menkaure shouts, "You disturbed my rest!
Die!"
There is an open door, spattered with blood here.
You see here an adder corpse.
You hit Menkaure.
Menkaure is lightly damaged.
Menkaure calls on the powers of darkness!
Your body is wracked with pain!
* * * LOW HITPOINT WARNING * * *
You hit Menkaure but do no damage.
Menkaure is lightly damaged.
You hit Menkaure. You freeze Menkaure.
Menkaure is moderately damaged.
Menkaure hits you!
You die...

#........# #..
#........# #..
#........#############
#........#............
#........#.###########
#..).....#.# #
#####'####+# ### #.#
#.. #@# #.. #.M......#
#.. #.......## #..
#.......# #..
.....!..# #..
########.# ### .# .


You could see Menkaure.

Vanquished Creatures
  Grinder (D:6)
  A big kobold (Sewer)
  A scorpion (D:6)
  A crimson imp (D:5)
  2 orc priests
  A hound (D:4)
  3 orc wizards
  An iguana (D:5)
  A worker ant (D:4)
  2 worker ant zombies (D:5)
  Robin (D:3)
  4 adders
  3 river rats (Sewer)
  A shadow imp (D:5)
  An ooze (D:3)
  A dart slug (D:1)
  3 worms
  2 leopard geckos
  15 orcs
  A ball python (D:2)
  6 giant cockroaches
  20 goblins
  12 hobgoblins
  6 jackals
  13 kobolds
  5 quokkas
  7 bats
  5 frilled lizards
  9 rats
129 creatures vanquished.

Notes
Turn   | Place    | Note
-------+----------+-------------------------------------------
     0 | D:1      | Curus the Merfolk Gladiator began the quest for the Orb.
     0 | D:1      | Reached XP level 1. HP: 16/16 MP: 1/1
   194 | D:1      | Reached skill level 5 in Polearms
   211 | D:1      | Reached XP level 2. HP: 22/22 MP: 2/2
   727 | D:1      | Reached skill level 6 in Polearms
   727 | D:1      | Reached XP level 3. HP: 27/27 MP: 3/3
  1604 | D:2      | Reached XP level 4. HP: 21/33 MP: 4/4
  1617 | D:2      | Reached skill level 7 in Polearms
  2025 | D:3      | Noticed Robin
  2056 | D:3      | HP: 1/33 [goblin[Robin] (2)]
  2475 | D:2      | Reached skill level 8 in Polearms
  2475 | D:2      | Reached XP level 5. HP: 10/38 MP: 5/5
  2895 | D:3      | Noticed admiralandromeda's ghost (amateur OpTm)
  2895 | D:3      | Identified the +5 dire flail "Zuptuewoeve" {drain, +Blink
                  | MP-9 Int+3}
  2895 | D:3      | Noticed an ogre
  2895 | D:3      | Noticed an ogre
  2897 | D:3      | Found a transporter.
  3013 | D:3      | Reached skill level 9 in Polearms
  3232 | D:3      | Killed Robin
  3232 | D:3      | Reached XP level 6. HP: 41/44 MP: 6/6
  3419 | D:3      | Found a transporter.
  3627 | D:4      | Reached skill level 10 in Polearms
  3714 | D:4      | Found a glowing drain.
  3731 | Sewer    | Entered a sewer
  3837 | Sewer    | Reached XP level 7. HP: 38/50 MP: 7/7
  3857 | Sewer    | Found a white marble altar of Elyvilon.
  3971 | D:4      | Noticed a fire elemental
  3973 | D:4      | Found a stormy altar of Qazlal.
  3974 | D:4      | Noticed an air elemental
  3974 | D:4      | Noticed a water elemental
  4037 | D:4      | Found a staircase to the Ecumenical Temple.
  4043 | Temple   | Entered the Ecumenical Temple
  4066 | Temple   | Became a worshipper of Warmaster Okawaru
  4164 | D:4      | Reached skill level 11 in Polearms
  4215 | D:5      | Entered Level 5 of the Dungeon
  4636 | D:5      | Found a glowing golden altar of the Shining One.
  4706 | D:6      | Noticed Grinder
  4805 | D:6      | Killed Grinder
  4805 | D:6      | Reached skill level 12 in Polearms
  4974 | D:6      | Noticed Menkaure
  4982 | D:6      | Slain by Menkaure

Levels and vault maps discovered:
D:1:      psy_arrival_conway, layout_basic
D:2:      layout_rooms, first_ration
D:3:      kennysheep_the_goblin_king, layout_loops_ring, gammafunk_ghost_smash,
          uniq_robin
D:4:      layout_rooms, minmay_temple_entry_enclosed_plants,
          cheibrodos_sewer_entry_bend, nicolae_qazlal_style_of_elements
D:5:      lemuel_upstairs_altar, layout_cave_pools,
          nicolae_tso_swordbearing_angel
D:6:      layout_basic, uniq_menkaure, uniq_grinder, uniq_duvessa
Temple:   compressed_dpeg_circular_temple

Skill      XL: |  1  2  3  4  5  6  7 |
---------------+----------------------+-----
Polearms       | 5 6 8 9 10 12 | 12.7
Fighting       | |  2.1
Throwing       | |  2.0
Dodging        | |  4.0

Action                   |  1- 3 |  4- 6 |  7- 9 || total
-------------------------+-------+-------+-------++-------
Melee: Trident           |   133 |   328 |    96 ||   557
       Tailslap          |       |     5 |     1 ||     6
  Use: Scroll            |     5 |     5 |     2 ||    12
       Potion            |     7 |     3 |     1 ||    11
 Stab: Sleeping          |     2 |     5 |     4 ||    11
       Distracted        |       |     1 |       ||     1
  Eat: Chunk             |     2 |     8 |     3 ||    13
Armor: Leather armour    |    39 |    87 |    12 ||   138
Dodge: Dodged            |    89 |   207 |    24 ||   320
